 Dungeon Crawl Stone Soup version 0.29.1-1-gd02db6906a (webtiles) character file.

Game seed: 11808562527366565156

39 quakins the Chiller (level 3, -1/24 HPs)
             Began as a Merfolk Ice Elementalist on Sept 30, 2022.
             Killed from afar by Natasha (9 damage)
             ... with a magic dart
             ... on level 2 of the Dungeon.
             The game lasted 00:09:02 (1563 turns).

quakins the Chiller (Merfolk Ice Elementalist)      Turns: 1563, Time: 00:09:03

Health: -1/24      AC:  2    Str:  8    XL:     3   Next: 47%
Magic:  0/6        EV: 12    Int: 16    God:
Gold:   73         SH:  0    Dex: 14    Spells: 2/6 levels left

rFire   . . .      SeeInvis .   h - +0 whip
rCold   . . .      Faith    .   (no shield)
rNeg    . . .      Spirit   .   a - +0 robe
rPois   .          Reflect  .   (no helmet)
rElec   .          Harm     .   (no cloak)
rCorr   .          Rampage  .   (no gloves)
Will    .....                   (no boots)
Stlth   ++........              (no amulet)
HPRegen 0.08/turn               (no ring)
MPRegen 0.10/turn               (no ring)

@: no status effects
A: (nimble swimmer 2), mertail
a: no special abilities


You were on level 2 of the Dungeon.
You visited 1 branch of the dungeon, and saw 2 of its levels.

You collected 73 gold pieces.

Inventory:

Hand Weapons
 h - a +0 whip (weapon)
Missiles
 c - 15 stones
Armour
 a - a +0 robe (worn)
Scrolls
 d - a scroll of noise {unknown}
Potions
 b - a potion of magic
 e - a potion of invisibility {unknown}
 f - a potion of curing {unknown}
 g - a potion of might {unknown}


   Skills:
 + Level 2.8 Dodging
 + Level 2.7 Stealth
 + Level 2.3 Spellcasting
 + Level 5.1 Ice Magic


You had 2 spell levels left.
You knew the following spells:

 Your Spells              Type           Power      Damage    Failure   Level
a - Freeze                Ice            72%        1d9       2%          1
b - Frozen Ramparts       Ice            36%        1d6       7%          3

Your spell library contained the following spells:

 Spells                   Type           Power      Damage    Failure   Level
 Ozocubu's Armour         Ice            18%        N/A       7%          3
 Hailstorm                Conj/Ice       10%        3d5       56%         4


Dungeon Overview and Level Annotations

Branches:
Dungeon (2/15)

Altars:

Shops:
D:1 (

Annotations:
D:2 Natasha


Innate Abilities, Weirdness & Mutations

((You are very nimble when in or above water. (Stealth+, EV+, Speed+++)))
Your lower body shifts to a powerful aquatic tail in water.


Message History

Aim: a bat You freeze the bat.
The bat is severely wounded.
The bat hits you but does no damage.
You don't have enough magic to cast this spell.
You don't have enough magic to cast this spell.
The bat hits you but does no damage. x2
You see here a scroll labelled NUBBEE ROGH.
The bat hits you but does no damage. The bat misses you.
You see here a scroll labelled NUBBEE ROGH.
Aiming: Freeze (safe; 2% risk of failure)
Press: ? - help, Q - select action, (/) - cycle Shift-Dir - straight line, f/p - bat
Aim: a bat (moderately wounded)
You freeze the bat!
You kill the bat!
d - a scroll labelled NUBBEE ROGH Natasha, Servant of Life and Death comes into view.
She is carrying a wand of flame (16).
Natasha hisses angrily.
Natasha stares at you and mumbles some strange words.
The magic dart hits you.
Natasha zaps a wand.
The puff of flame hits you.
Natasha stares at you and mumbles some strange words.
The magic dart hits you!
Aiming: Freeze (safe; 2% risk of failure)
Press: ? - help, Q - select action, (/) - cycle Shift-Dir - straight line, f - Natasha
Aim: Natasha, carrying a wand of flame (15)
You freeze Natasha!
Natasha is heavily wounded.
Natasha barely misses you.
Aiming: Freeze (safe; 2% risk of failure)
Press: ? - help, Q - select action, (/) - cycle Shift-Dir - straight line, f/p - Natasha
Aim: Natasha, carrying a wand of flame (15) (heavily wounded)
You freeze Natasha.
Natasha is severely wounded.
Natasha zaps a wand.
The puff of flame misses you.
You don't have enough magic to cast this spell.
Natasha stares at you and mumbles some strange words.
The magic dart hits you!
You die...

#############.#
##########.#
#........#.#
#........#†#
#........#.#
#....†...#.#
#........#.#
######.###.#
#..@..# #h#####
########.#
#........#
.........#
#........#
#........#
##########


You could see Natasha.

Vanquished Creatures
  A worm (D:2)
  4 dart slugs (D:1)
  7 bats
  2 endoplasms (D:1)
  4 goblins (D:1)
  2 hobgoblins (D:1)
  A quokka (D:1)
  A ball python (D:1)
  2 frilled lizards (D:1)
  2 kobolds (D:1)
  3 rats (D:1)
29 creatures vanquished.

Notes
Turn   | Place    | Note
-------+----------+-------------------------------------------
     0 | D:1      | quakins the Merfolk Ice Elementalist began the quest for
                  | the Orb.
     0 | D:1      | Reached XP level 1. HP: 13/13 MP: 3/3
   112 | D:1      | Reached XP level 2. HP: 15/19 MP: 0/5
   259 | D:1      | Reached skill level 5 in Ice Magic
   730 | D:1      | Reached XP level 3. HP: 23/24 MP: 2/6
   736 | D:1      | Learned a level 3 spell: Frozen Ramparts
  1450 | D:1      | Found Souluk's Antique Weapon Shoppe.
  1551 | D:2      | Noticed Natasha
  1563 | D:2      | Killed from afar by Natasha

Illustrated notes

Levels and vault maps discovered:
D:1:      dpeg_arrival_ratfight, layout_basic, serial_shops,
          nicolae_shop_hallway_stairs, minmay_tromino_v7
D:2:      layout_basic, chequers_ecumenical_altar_simple_redux, uniq_terence,
          uniq_natasha, uniq_sigmund

Skill      XL: |  1  2 |
---------------+-------+-----
Ice Magic      | 5 |  5.1
Dodging        | |  2.8
Stealth        | |  2.7
Spellcasting   | |  2.3

Action                   || total
-------------------------++-------
Melee: Unarmed           ||     3
       Whip              ||     2
 Cast: Freeze            ||    45
       Frozen Ramparts   ||     2
  Use: Scroll            ||     2
 Stab: Sleeping          ||     1
Armor: Robe              ||    20
Dodge: Dodged            ||    61
